 Dungeon Crawl Stone Soup version 0.31-a0-1589-g8f5e8aebd6 (webtiles) character file.

Game seed: 5400309472572503553

25814 shadizar the Unseen (level 12, -1/70 HPs)
             Began as a Spriggan Hunter on Jan 5, 2024.
             Slain by a black mamba (16 damage)
             ... on level 4 of the Lair of Beasts.
             The game lasted 00:36:13 (15719 turns).

shadizar the Unseen (Spriggan Hunter)              Turns: 15719, Time: 00:36:14

Health: -1/70      AC:  6    Str:  7    XL:     12   Next: 92%
Magic:  13/13      EV: 30    Int: 11    God:
Gold:   883        SH:  0    Dex: 23    Spells: 11/11 levels left

rFire   + . .        a - +3 shortbow (heavy)
rCold   . . .        (shield currently unavailable)
rNeg    + . .        i - +2 robe {rF+}
rPois   .            M - +0 hat
rElec   .            m - +1 cloak
rCorr   +            (gloves unavailable)
SInv    +            (boots unavailable)
Will    ++...        (no amulet)
Stlth   ++++++       v - ring of resist corrosion
HPRegen 0.31/turn    x - ring of positive energy
MPRegen 0.13/turn

%: no passive effects
@: very quick
A: very small, no large weapons, unfitting armour, see invisible, speed 3
a: no special abilities


You were on level 4 of the Lair of Beasts.
You visited 3 branches of the dungeon, and saw 13 of its levels.
You also visited: Ossuary.

You collected 883 gold pieces.

Inventory:

Hand Weapons
 a - a +3 heavy shortbow (weapon)
 c - a +3 mace of holy wrath
 f - the +8 dagger "Uwulociusu" {elec, *Rage Dex+5 SInv}
   (You found it on level 4 of the Dungeon)

   Dex+5:     It affects your dexterity (+5).
   SInv:      It lets you see invisible.
   *Rage:     It berserks you when you make melee attacks (+20% chance).
Missiles
 e - 42 poisoned darts
 h - 152 stones
Armour
 i - a +2 robe of fire resistance (worn)
 m - a +1 cloak (worn)
 r - an orb of energy
 u - a scarf of shadows
 A - a scarf of invisibility
 M - a +0 hat (worn)
Magical Staves
 t - a staff of fire
Jewellery
 v - a ring of resist corrosion (left hand)
 x - a ring of positive energy (right hand)
 K - a ring of fire
Talismans
 n - a serpent talisman
Wands
 s - a wand of flame (34)
 B - a wand of light (16)
 C - a wand of mindburst (3)
Scrolls
 b - a scroll of butterflies
 g - a scroll of summoning
 k - 5 scrolls of teleportation
 y - a scroll of silence
 I - 2 scrolls of revelation
Potions
 d - 3 potions of berserk rage
 j - 2 potions of resistance
 l - 4 potions of brilliance
 o - a potion of curing
 p - a potion of attraction {unknown}
 q - 3 potions of heal wounds {unknown}
 w - a potion of invisibility {unknown}
 z - 3 potions of enlightenment {unknown}
 D - 2 potions of ambrosia
 E - 2 potions of might {unknown}
 G - a potion of mutation {unknown}
 H - 2 potions of cancellation
 J - a potion of haste {unknown}


   Skills:
 * Level 11.4 Fighting
 + Level 11.4 Ranged Weapons
 + Level 13.3 Dodging
 + Level 15.3 Stealth


You had 11 spell levels left.
You didn't know any spells.
Your spell library contained the following spells:

 Spells                   Type           Power      Damage    Failure   Level
 Foxfire                  Conj/Fire      0%         2x1d4     34%         1
 Magic Dart               Conj           0%         1d3       34%         1
 Shock                    Conj/Air       0%         1d3       34%         1
 Call Imp                 Summ           0%         N/A       47%         2
 Cigotuvi's Dreadful Rot  Necr/Alch/Air  0%         N/A       47%         2
 Searing Ray              Conj           0%         2d4       47%         2
 Sublimation of Blood     Necr           0%         N/A       47%         2
 Summon Ice Beast         Ice/Summ       0%         N/A       71%         3
 Swiftness                Air            0%         N/A       71%         3
 Airstrike                Air            0%         2d(0-16)  98%         4
 Anguish                  Hex/Necr       0%         N/A       98%         4
 Cause Fear               Hex            0%         N/A       98%         4
 Fulminant Prism          Conj/Alch      0%         3d5       98%         4
 Ignite Poison            Fire/Alch      0%         N/A       98%         4
 Summon Blazeheart Golem  Fire/Summ      0%         N/A       98%         4
 Freezing Cloud           Conj/Ice/Air   0%         6-21      100%        5
 Summon Mana Viper        Hex/Summ       0%         N/A       100%        5
 Plasma Beam              Fire/Air       0%         2x1d10    100%        6
 Starburst                Conj/Fire      0%         6d3       100%        6
 Enfeeble                 Hex            0%         N/A       100%        7
 Monstrous Menagerie      Summ           0%         N/A       100%        7
 Orb of Destruction       Conj           0%         9d5       100%        7
 Spellforged Servitor     Conj/Summ      0%         N/A       100%        7
 Summon Hydra             Summ           0%         N/A       100%        7


Dungeon Overview and Level Annotations

Branches:
Dungeon (8/15)             Temple (1/1) D:6            Lair (4/5) D:8
 Shoals (0/4) Lair:3        Snake (0/4) Lair:2      Ossuary (visited)
  Slime: Lair:4-5

Altars:
Ashenzari
Cheibriados
Dithmenos
Elyvilon
Fedhas
Gozag
Hepliaklqana
Kikubaaqudgha
Makhleb
Nemelex Xobeh
Okawaru
Qazlal
Ru
Sif Muna
Trog
Uskayaw
Vehumet
Wu Jian
Xom
Yredelemnul
Zin
The Shining One

Shops:
D:2 :


Innate Abilities, Weirdness & Mutations

You are very small and have problems with some larger weapons.
You are too small for most types of armour.
You have supernaturally acute eyesight. (SInv)
You cover ground extremely quickly. (Speed+++)


Message History

The bullfrog is heavily wounded.
The bullfrog completely misses you.
The bullfrog hits you but does no damage.
The black mamba completely misses you. The bullfrog completely misses you.
You shoot an arrow. The arrow hits the bullfrog!!
You kill the bullfrog!
The black mamba bites you but does no damage.
The black mamba bites you! The black mamba completely misses you.
You shoot an arrow. The arrow hits the black mamba.
The black mamba is lightly wounded.
The black mamba misses you. The black mamba bites you!
You are poisoned.
The black mamba poisons you!
You shoot an arrow. The arrow hits the black mamba!
The black mamba is heavily wounded.
You feel very sick. The black mamba misses you.
The black mamba completely misses you.
You shoot an arrow.
The arrow closely misses the black mamba.
You feel very sick. The black mamba bites you! x2
* * * LOW HITPOINT WARNING * * *
You are lethally poisoned!
The black mamba poisons you!
* * * LOW HITPOINT WARNING * * *
You feel very sick.
You feel better. The black mamba completely misses you.
The black mamba bites you!
* * * LOW HITPOINT WARNING * * *
You are lethally poisoned!
The black mamba poisons you!
You feel better.
The black mamba completely misses you. x2
You see here a water moccasin corpse.
The black mamba attacks as it pursues you!
The black mamba misses you.
The black mamba attacks as it pursues you!
The black mamba completely misses you.
The black mamba attacks as it pursues you!
The black mamba bites you!
You die...

###8P....♣#######....<...........
#P###'÷'###...# #####.####..###..
>......S......# ###..###..##.#.
........####..## #...#.##......!
###.#<.#.##....# ###.####P......
###S######..#######†..##.......
#..#####..###..#..####..#....
#..##..#.#.#.................
#....>...†.S@..##..P###......
##.##P####P##.###..##....P...
###### ###### #....).......
##......####. #####.## ## ###


You could see a black mamba.

Vanquished Creatures
  A hydra (Lair:1)
  A catoblepas (Lair:2)
  A boulder beetle (Lair:1)
  4 death yaks (Lair:3)
  A skyshark (Lair:4)
  Pikel (D:8)
  3 harpies
  Maurice (D:8)
  4 black mambas
  8 cane toads
  5 komodo dragons
  Jeremiah (D:8)
  A rime drake (D:8)
  3 hornets
  Sigmund (D:3)
  4 fire bats (D:8)
  20 yaks
  A fire elemental (D:8)
  2 steam dragons (D:6)
  3 nagas (Lair:2)
  A hell hound (D:8)
  9 water moccasins
  A sky beast (D:5)
  2 orc warriors (D:6)
  4 black bears
  4 ice beasts (D:8)
  11 ogres
  23 wolves
  2 phantoms (D:4)
  3 lemures
  An elf zombie (Ossuary)
  5 kobold brigands
  11 bullfrogs
  5 gnoll sergeants
  3 scorpions
  3 wights (D:8)
  8 howler monkeys (D:6)
  2 lava snakes (D:8)
  A bullfrog zombie (D:4)
  10 hounds
  A human zombie (Ossuary)
  9 orc priests
  A centaur skeleton (D:4)
  A jelly (D:5)
  A gnoll bouda (D:5)
  2 iguanas
  3 iron imps (D:3)
  3 sleepcaps
  Terence (D:2)
  13 orc wizards
  A scorpion zombie (D:4)
  A hound zombie (Ossuary)
  4 mummies (Ossuary)
  2 howler monkey zombies (D:4)
  Robin (D:3)
  16 gnolls
  4 adders
  3 shadow imps (D:3)
  4 white imps
  4 ufetubi (D:6)
  4 adder zombies
  2 adder skeletons (D:4)
  A dart slug (D:4)
  21 orcs
  A bat (D:1)
  4 endoplasms
  4 giant cockroaches
  15 goblins
  7 hobgoblins
  5 jackals (D:5)
  3 quokkas
  5 ball pythons
  2 frilled lizards
  3 hobgoblin zombies (Ossuary)
  2 jackal zombies (Ossuary)
  14 kobolds
  3 rats
  2 rat zombies (Ossuary)
348 creatures vanquished.

Notes
Turn   | Place    | Note
-------+----------+-------------------------------------------
     0 | D:1      | shadizar the Spriggan Hunter began the quest for the Orb.
     0 | D:1      | Reached XP level 1. HP: 10/10 MP: 2/2
   490 | D:1      | Reached skill level 2 in Stealth
   640 | D:1      | Reached XP level 2. HP: 15/15 MP: 3/3
   900 | D:2      | Noticed a walking crystal tome
   909 | D:2      | Found Buynutzymu's Book Shoppe.
   915 | D:2      | Noticed a walking divine tome
   939 | D:2      | You fall into a shaft and drop 2 floors!
  1039 | D:3      | Reached XP level 3. HP: 18/18 MP: 4/4
  1048 | D:3      | Found a transporter.
  1185 | D:3      | Noticed Sigmund
  1205 | D:3      | Reached skill level 3 in Stealth
  1387 | D:2      | Noticed Terence
  1421 | D:2      | Killed Terence
  1489 | D:2      | Reached XP level 4. HP: 22/23 MP: 5/5
  2056 | D:3      | Found a sacrificial altar of Ru.
  2078 | D:3      | Found a transporter.
  2176 | D:3      | Reached skill level 4 in Stealth
  2176 | D:3      | Reached XP level 5. HP: 19/27 MP: 6/6
  2529 | D:3      | Found a burning altar of Makhleb.
  2683 | D:4      | Noticed a phantom
  2747 | D:4      | Noticed Robin
  2793 | D:3      | Killed Robin
  2849 | D:4      | Noticed a phantom
  2863 | D:4      | Killed a phantom
  2864 | D:4      | Reached skill level 5 in Ranged Weapons
  2864 | D:4      | Reached skill level 5 in Stealth
  2864 | D:4      | Reached XP level 6. HP: 32/32 MP: 7/7
  2917 | D:4      | Reached skill level 5 in Dodging
  3004 | D:4      | Identified the +8 dagger "Uwulociusu" {elec, *Rage Dex+5
                  | SInv}
  3018 | D:4      | Reached XP level 7. HP: 36/36 MP: 8/8
  3021 | D:4      | Reached skill level 6 in Stealth
  3331 | D:4      | Found a glowing silver altar of Zin.
  3331 | D:4      | Noticed an angel
  3588 | D:5      | Entered Level 5 of the Dungeon
  3860 | D:5      | Reached skill level 7 in Stealth
  3903 | D:5      | Reached XP level 8. HP: 42/42 MP: 9/9
  4737 | D:5      | Reached skill level 8 in Stealth
  4859 | D:5      | Found a hazy altar of Hepliaklqana.
  4862 | D:5      | Found a shadowy altar of Dithmenos.
  5137 | D:3      | Killed Sigmund
  5174 | D:3      | Found a bloodstained altar of Trog.
  5180 | D:3      | Found an opulent altar of Gozag.
  5182 | D:3      | Found a shimmering altar of Xom.
  5686 | D:6      | Reached skill level 5 in Fighting
  5722 | D:6      | Found a basalt altar of Yredelemnul.
  5722 | D:6      | Found a radiant altar of Vehumet.
  5739 | D:6      | Found a snail-covered altar of Cheibriados.
  5997 | D:6      | Reached XP level 9. HP: 47/47 MP: 10/10
  6011 | D:6      | Found a staircase to the Ecumenical Temple.
  6106 | D:6      | Reached skill level 9 in Stealth
  6454 | Temple   | Entered the Ecumenical Temple
  6602 | D:6      | Reached skill level 10 in Stealth
  7111 | D:6      | Reached XP level 10. HP: 47/53 MP: 11/11
  7523 | D:7      | Found a sand-covered staircase.
  7528 | Ossuary  | Entered an ossuary
  7942 | D:7      | Reached skill level 11 in Stealth
  8475 | D:7      | Found a hide-covered altar of Uskayaw.
  8475 | D:7      | Found an ancient bone altar of Kikubaaqudgha.
  8641 | D:8      | Found a shimmering blue altar of Sif Muna.
  8676 | D:8      | Noticed Pikel
  8740 | D:8      | Noticed Jeremiah
  8785 | D:8      | Killed Jeremiah
  8946 | D:8      | Reached skill level 10 in Dodging
  9220 | D:8      | Found a staircase to the Lair.
  9248 | D:8      | Noticed Maurice
  9287 | D:8      | Killed Maurice
  9288 | D:8      | Reached skill level 12 in Stealth
  9542 | D:8      | Killed Pikel
  9543 | D:8      | Reached XP level 11. HP: 60/60 MP: 12/12
  9751 | D:8      | Identified the +3 halberd of Starshine {freeze, rN++}
  9819 | Lair:1   | Entered Level 1 of the Lair of Beasts
 10227 | Lair:1   | Noticed an eight-headed hydra
 10251 | Lair:1   | Killed an eight-headed hydra
 10782 | Lair:1   | Noticed a boulder beetle
 11084 | Lair:1   | Killed a boulder beetle
 11085 | Lair:1   | Reached skill level 10 in Ranged Weapons
 11085 | Lair:1   | Reached skill level 13 in Stealth
 11957 | Lair:2   | Found a staircase to the Snake Pit.
 12185 | Lair:2   | You fall into a shaft and drop 1 floor!
 12191 | Lair:3   | Noticed a death yak
 12191 | Lair:3   | Noticed a death yak
 12374 | Lair:2   | Noticed a catoblepas
 12405 | Lair:2   | Killed a catoblepas
 12468 | Lair:2   | Reached skill level 10 in Fighting
 12642 | Lair:2   | Reached XP level 12. HP: 58/67 MP: 13/13
 12722 | Lair:3   | Found a staircase to the Shoals.
 12844 | Lair:2   | Reached skill level 14 in Stealth
 13827 | Lair:3   | Noticed a death yak
 13828 | Lair:3   | Noticed a death yak
 13881 | Lair:3   | Killed a death yak
 13910 | Lair:3   | Killed a death yak
 13927 | Lair:3   | Killed a death yak
 14077 | Lair:3   | Killed a death yak
 14494 | Lair:4   | Reached skill level 15 in Stealth
 15719 | Lair:4   | Slain by a black mamba

Illustrated notes

Levels and vault maps discovered:
D:1:      dpeg_cavernosity, layout_rooms, wander_ebering_terrifying_dragon_lair
D:2:      layout_basic, serial_forest, infiniplex_forest_split,
          infiniplex_forest_lined_room_3, infiniplex_forest_clump_double,
          infiniplex_forest_clump_small, infiniplex_forest_clump_medium,
          infiniplex_forest_lined_2, infiniplex_forest_straight_3,
          infiniplex_forest_clump_cross, infiniplex_forest_corner_1,
          infiniplex_forest_straight_2, serial_shops, nicolae_shop_mannequins,
          nrook_mini_vaults, uniq_terence
D:3:      gammafunk_wand_slinger, layout_basic, nicolae_overflow_hidden_temple,
          hangedman_ru_absence, demons_altar, uniq_sigmund
D:4:      minmay_general_purpose_star, layout_rooms, zin_angel, serial_undead,
          serial_undead_c, serial_undead_f, serial_undead_d, serial_undead_a,
          uniq_robin
D:5:      layout_cave_pods, riverfiend_overflow_shadow_ancestor, st_stairs_13
D:6:      lemuel_castle_with_subvaults [lemuel_castle_interior_carwin_2],
          layout_layer_cave, minitemple, temple_statues
D:7:      minmay_flawed_box, layout_loops_ring,
          gammafunk_temple_overflow_elements, enter_ossuary_2
D:8:      layout_rooms, led_sif_pool, hellmonk_lair_entry_icy,
          hangedman_incinerator, uniq_jeremiah, uniq_maurice, uniq_pikel
Temple:   nicolae_temple_godpark
Lair:1:   layout_long_grid
Lair:2:   layout_roguey, guppyfry_snake_entry_garden, st_stairs_8,
          lemuel_fruit_fields
Lair:3:   layout_roguey, nicolae_shoals_entry_roost, lemuel_fruit_tree,
          infiniplex_staircase_pool_2
Lair:4:   cheibrodos_lair_overgrown_chateau, layout_loops_ring

Skill      XL: |  1  2  3  4  5  6  7  8  9 10 11 12 |
---------------+-------------------------------------+-----
Stealth        | 2 3 4 5 7 8 10 12 13 15 | 15.3
Dodging        | 3 4 5 6 7 9 10 12 13 | 13.3
Fighting       | 2 3 4 5 6 8 10 11 | 11.4
Ranged Weapons | 5 6 7 8 9 10 11 | 11.4

Action                     |  1- 3 |  4- 6 |  7- 9 | 10-12 || total
---------------------------+-------+-------+-------+-------++-------
  Melee: Shortbow          |       |     2 |       |       ||     2
   Fire: Shortbow          |    66 |   155 |   536 |   793 ||  1550
    Use: Scroll            |       |     8 |     4 |    10 ||    22
         Potion            |       |       |       |     4 ||     4
 Armour: Robe              |     9 |    21 |    70 |   142 ||   242
  Dodge: Dodged            |    18 |    38 |   224 |   627 ||   907

Table legend: (Time is in decaauts)
 A = Elapsed time spent in this place.
 B = Non-inter-level travel time spent in this place.
 C = Inter-level travel time spent in this place.
 D = Time resting spent in this place.
 E = Time spent auto-exploring this place.
 F = Levels seen in this place.
 G = Mean time per level.
                   A        B        C        D        E       F      G
               +--------+--------+--------+--------+--------+-----+--------+
         Total |  11946 |  11705 |    241 |      0 |   7660 |  14 |  853.3 |
       Dungeon |   7007 |   6843 |    164 |      0 |   4182 |   8 |  875.9 |
        Temple |     44 |     44 |      0 |      0 |     43 |   1 |   44.0 |
          Lair |   4700 |   4623 |     77 |      0 |   3368 |   4 | 1175.0 |
       Ossuary |    194 |    194 |      0 |      0 |     67 |   1 |  194.0 |
               +--------+--------+--------+--------+--------+-----+--------+

Top non-repeatable levels by time:
     D:6: 1543 daAuts
  Lair:1: 1351 daAuts
  Lair:4: 1137 daAuts
  Lair:3: 1109 daAuts
  Lair:2: 1102 daAuts
     D:3: 1051 daAuts
     D:5: 1027 daAuts
     D:8: 908 daAuts
     D:4: 778 daAuts
     D:7: 771 daAuts
     D:1: 520 daAuts
     D:2: 404 daAuts
 Ossuary: 194 daAuts
  Temple: 44 daAuts
